[ AOE2 MATCH · #485940036 ]
UnrankedPersians vs Vikings
[ REPLAY ANALYSIS · EXTRACTED FROM THE RECORDED GAME ]
Feudal
12:14
Castle
17:14
Imperial
—
| APM avg | 23.5 |
| APM peak | 54 |
| eAPM avg | 11.3 |
| Villagers / military | 99 / 54 |
Focus
⚔️ 33.3% · 🌾 66.7%
Knight ×26 · Camel Scout ×26 · Scout Cavalry ×2
Feudal
8:51
Castle
21:44
Imperial
—
| APM avg | 49.1 |
| APM peak | 76 |
| eAPM avg | 21.2 |
| Villagers / military | 114 / 91 |
Focus
⚔️ 31.9% · 🌾 68.1%
Archer ×88 · Spearman ×3
Feudal
12:47
Castle
16:19
Imperial
41:09
| APM avg | 16.3 |
| APM peak | 35 |
| eAPM avg | 11.3 |
| Villagers / military | 105 / 50 |
Focus
⚔️ 26.2% · 🌾 73.8%
Knight ×27 · Camel Scout ×19 · Mangonel ×3 · Monk ×1
Feudal
10:59
Castle
21:39
Imperial
38:40
| APM avg | 73.8 |
| APM peak | 146 |
| eAPM avg | 38.5 |
| Villagers / military | 133 / 170 |
Focus
⚔️ 14.7% · 🌾 85.3%
Knight ×157 · Fishing Ship ×13 · Scout Cavalry ×11 · Monk ×1 · Trebuchet (Packed) ×1
Feudal
10:21
Castle
20:32
Imperial
34:37
| APM avg | 42.7 |
| APM peak | 71 |
| eAPM avg | 27.1 |
| Villagers / military | 141 / 87 |
Focus
⚔️ 44.4% · 🌾 55.6%
Archer ×68 · Unknown (2626) ×12 · Camel Scout ×7 · Galley ×5 · Trebuchet (Packed) ×4 · Fishing Ship ×3
Feudal
10:26
Castle
27:01
Imperial
—
| APM avg | 44.2 |
| APM peak | 89 |
| eAPM avg | 21.3 |
| Villagers / military | 83 / 144 |
Focus
⚔️ 47.5% · 🌾 52.5%
Scout Cavalry ×128 · Knight ×9 · Spearman ×5 · Fishing Ship ×5 · Mangonel ×1 · Transport Ship ×1
Feudal
10:59
Castle
18:16
Imperial
38:49
| APM avg | 34.1 |
| APM peak | 79 |
| eAPM avg | 19.9 |
| Villagers / military | 139 / 11 |
Focus
⚔️ 32.3% · 🌾 67.7%
Unknown (1949) ×55 · Unknown (1944) ×48 · Spearman ×8 · Unknown (2626) ×8 · Fishing Ship ×7 · Battering Ram ×3
Feudal
11:22
Castle
24:02
Imperial
41:32
| APM avg | 19.2 |
| APM peak | 42 |
| eAPM avg | 11.4 |
| Villagers / military | 90 / 45 |
Focus
⚔️ 25.4% · 🌾 74.6%
Militia ×15 · Galley ×14 · Gbeto ×11 · Skirmisher ×3 · Fire Galley ×2 · Fishing Ship ×2
Match map
Initial resources + every placement click. Lines = walls · curves = elevation contours. ◆ gold · ⬟ stone · ● berries · ✦ relic · ◌ wall gap
Your base· ✓ Map-separated
Lion Heart's base· ✓ Map-separated
Relief's base· ✓ Map-separated
MR.ROBOT's base· ✓ Map-separated
Jafarr's base· ✓ Map-separated
Quando's base· ✓ Map-separated
Kenny Powers's base· ✓ Map-separated
PJtheDcoy's base· ✓ Map-separated
Smoothed initial terrain · ◌ = detected wall gap · hover for details
Inputs per minute
— Fr4ggi - - Lion Heart
Build order — Fr4ggi
First 150 of 238 actions detected
| 0:06 | Build | House |
| 0:08 | Build | House |
| 0:10 | Queue | Villager (Male) |
| 0:10 | Queue | Villager (Male) |
| 0:10 | Queue | Villager (Male) |
| 0:20 | Queue | Villager (Male) |
| 0:20 | Queue | Villager (Male) |
| 1:49 | Queue | Villager (Male) |
| 2:01 | Build | Lumber Camp |
| 2:09 | Queue | Villager (Male) |
| 2:43 | Queue | Villager (Male) |
| 3:04 | Queue | Villager (Male) |
| 3:11 | Queue | Villager (Male) |
| 3:48 | Queue | Villager (Male) |
| 3:55 | Build | House |
| 4:52 | Build | Mill |
| 5:25 | Queue | Villager (Male) |
| 6:04 | Queue | Villager (Male) |
| 6:04 | Queue | Villager (Male) |
| 6:21 | Queue | Villager (Male) |
| 6:49 | Queue | Villager (Male) |
| 7:16 | Queue | Villager (Male) |
| 7:50 | Build | House |
| 8:03 | Build | Farm |
| 8:19 | Build | Farm |
| 8:24 | Queue | Villager (Male) |
| 8:41 | Queue | Villager (Male) |
| 8:58 | Build | Farm |
| 9:01 | Queue | Villager (Male) |
| 9:25 | Queue | Villager (Male) |
| 9:45 | Research | Feudal Age |
| 9:53 | Build | Mining Camp |
| 10:40 | Build | Barracks |
| 10:46 | Build | House |
| 10:51 | Queue | Villager (Male) |
| 12:10 | Build | Farm |
| 12:14 | Age | Feudal Age |
| 12:35 | Build | Stable |
| 12:39 | Queue | Villager (Male) |
| 12:43 | Build | Farm |
| 12:46 | Build | Farm |
| 12:47 | Queue | Villager (Male) |
| 12:48 | Queue | Villager (Male) |
| 13:05 | Build | House |
| 13:15 | Build | Farm |
| 13:37 | Queue | Villager (Male) |
| 13:53 | Build | Blacksmith |
| 14:37 | Queue | Scout Cavalry |
| 14:38 | Queue | Scout Cavalry |
| 14:42 | Build | Lumber Camp |
| 14:49 | Research | Castle Age |
| 15:01 | Queue | Villager (Male) |
| 15:19 | Queue | Villager (Male) |
| 15:28 | Research | Bloodlines |
| 15:40 | Build | House |
| 15:45 | Research | Double-Bit Axe |
| 15:48 | Queue | Villager (Male) |
| 15:52 | Research | Scale Barding Armor |
| 15:55 | Research | Forging |
| 16:19 | Build | Farm |
| 16:20 | Build | Farm |
| 16:21 | Build | Farm |
| 16:41 | Build | Farm |
| 16:45 | Research | Horse Collar |
| 17:14 | Age | Castle Age |
| 17:20 | Queue | Villager (Male) |
| 17:28 | Queue | Knight |
| 17:41 | Queue | Knight |
| 17:55 | Research | Gold Mining |
| 18:02 | Build | Farm |
| 18:06 | Queue | Villager (Male) |
| 18:29 | Build | Stable |
| 18:33 | Build | Farm |
| 18:38 | Queue | Villager (Male) |
| 18:38 | Queue | Villager (Male) |
| 18:40 | Queue | Knight |
| 18:50 | Build | House |
| 18:51 | Build | House |
| 19:02 | Queue | Villager (Male) |
| 19:06 | Build | Farm |
| 19:11 | Queue | Knight |
| 19:32 | Research | Gold Shaft Mining |
| 19:40 | Build | Mining Camp |
| 19:46 | Queue | Villager (Male) |
| 19:46 | Queue | Villager (Male) |
| 19:51 | Build | Farm |
| 20:01 | Queue | Knight |
| 20:20 | Queue | Knight |
| 20:23 | Queue | Knight |
| 20:33 | Queue | Villager (Male) |
| 20:33 | Queue | Villager (Male) |
| 20:40 | Build | House |
| 20:41 | Build | House |
| 20:58 | Queue | Knight |
| 20:59 | Queue | Knight |
| 21:16 | Research | Husbandry |
| 21:23 | Queue | Villager (Male) |
| 21:52 | Queue | Villager (Male) |
| 21:54 | Build | Farm |
| 22:16 | Queue | Knight |
| 22:16 | Queue | Knight |
| 22:19 | Build | Farm |
| 22:28 | Queue | Villager (Male) |
| 22:31 | Build | Farm |
| 22:36 | Build | Farm |
| 22:42 | Build | House |
| 22:48 | Build | Farm |
| 23:27 | Build | Farm |
| 23:30 | Queue | Villager (Male) |
| 23:30 | Queue | Villager (Male) |
| 23:33 | Queue | Knight |
| 23:33 | Queue | Knight |
| 23:35 | Research | Chain Barding Armor |
| 23:54 | Queue | Villager (Male) |
| 23:57 | Build | Farm |
| 24:21 | Queue | Villager (Male) |
| 24:34 | Build | Town Center |
| 24:37 | Queue | Villager (Male) |
| 24:37 | Queue | Villager (Male) |
| 25:18 | Queue | Knight |
| 25:19 | Queue | Knight |
| 25:26 | Build | House |
| 25:28 | Build | House |
| 25:32 | Build | House |
| 26:07 | Queue | Knight |
| 26:07 | Queue | Knight |
| 26:20 | Research | Wheelbarrow |
| 26:20 | Queue | Villager (Male) |
| 26:32 | Research | Heavy Plow |
| 26:37 | Queue | Knight |
| 26:37 | Queue | Knight |
| 26:48 | Build | Mining Camp |
| 26:55 | Queue | Camel Scout |
| 26:56 | Queue | Camel Scout |
| 27:32 | Research | Loom |
| 27:59 | Queue | Villager (Male) |
| 28:00 | Queue | Villager (Male) |
| 28:00 | Queue | Villager (Male) |
| 28:00 | Queue | Villager (Male) |
| 28:03 | Queue | Villager (Male) |
| 28:04 | Queue | Villager (Male) |
| 28:04 | Queue | Villager (Male) |
| 28:41 | Build | Farm |
| 28:42 | Build | Farm |
| 28:43 | Build | Farm |
| 28:44 | Queue | Villager (Male) |
| 28:45 | Queue | Villager (Male) |
| 28:45 | Queue | Villager (Male) |
| 29:19 | Queue | Camel Scout |
| 29:19 | Queue | Camel Scout |
Build order — Lion Heart
First 150 of 337 actions detected
| 0:01 | Queue | Villager (Male) |
| 0:02 | Build | House |
| 0:03 | Build | House |
| 0:07 | Queue | Villager (Male) |
| 0:07 | Queue | Villager (Male) |
| 0:16 | Queue | Villager (Male) |
| 1:26 | Queue | Villager (Male) |
| 1:53 | Queue | Villager (Male) |
| 1:57 | Build | Lumber Camp |
| 2:23 | Queue | Villager (Male) |
| 2:51 | Queue | Villager (Male) |
| 2:51 | Queue | Villager (Male) |
| 3:37 | Queue | Villager (Male) |
| 3:37 | Queue | Villager (Male) |
| 3:44 | Build | House |
| 4:30 | Queue | Villager (Male) |
| 4:30 | Queue | Villager (Male) |
| 5:14 | Queue | Villager (Male) |
| 5:28 | Queue | Villager (Male) |
| 5:32 | Build | Mining Camp |
| 5:45 | Queue | Villager (Male) |
| 6:02 | Research | Loom |
| 6:40 | Research | Feudal Age |
| 7:37 | Queue | Villager (Male) |
| 7:54 | Build | Barracks |
| 8:05 | Queue | Villager (Male) |
| 8:09 | Build | House |
| 8:31 | Build | Palisade Wall |
| 8:34 | Build | Palisade Wall |
| 8:51 | Age | Feudal Age |
| 8:56 | Build | Archery Range |
| 8:58 | Queue | Villager (Male) |
| 9:04 | Research | Double-Bit Axe |
| 9:14 | Queue | Spearman |
| 9:25 | Build | House |
| 9:39 | Build | Archery Range |
| 9:41 | Queue | Archer |
| 9:41 | Queue | Archer |
| 10:01 | Queue | Villager (Male) |
| 10:21 | Build | Palisade Gate |
| 10:27 | Queue | Archer |
| 10:27 | Queue | Archer |
| 10:34 | Queue | Villager (Male) |
| 10:35 | Queue | Villager (Male) |
| 10:44 | Queue | Archer |
| 11:07 | Build | House |
| 11:33 | Queue | Archer |
| 11:34 | Queue | Archer |
| 11:34 | Queue | Archer |
| 11:38 | Build | House |
| 11:38 | Build | House |
| 11:59 | Queue | Archer |
| 11:59 | Queue | Archer |
| 12:01 | Queue | Villager (Male) |
| 12:01 | Queue | Villager (Male) |
| 12:31 | Build | Blacksmith |
| 12:45 | Queue | Archer |
| 12:45 | Queue | Archer |
| 12:45 | Queue | Archer |
| 12:58 | Queue | Villager (Male) |
| 13:07 | Queue | Villager (Male) |
| 13:10 | Build | Mill |
| 13:50 | Queue | Villager (Male) |
| 13:50 | Queue | Villager (Male) |
| 13:56 | Queue | Archer |
| 13:56 | Queue | Archer |
| 13:57 | Queue | Villager (Male) |
| 14:01 | Build | Farm |
| 14:02 | Build | Farm |
| 14:02 | Build | Farm |
| 14:02 | Build | Farm |
| 14:02 | Build | Farm |
| 14:16 | Queue | Archer |
| 14:16 | Queue | Archer |
| 14:21 | Build | House |
| 14:22 | Build | House |
| 14:35 | Queue | Villager (Male) |
| 14:38 | Build | Farm |
| 14:39 | Queue | Villager (Male) |
| 15:16 | Queue | Archer |
| 15:16 | Queue | Archer |
| 15:16 | Queue | Archer |
| 16:05 | Queue | Villager (Male) |
| 16:08 | Build | Farm |
| 16:08 | Build | Farm |
| 16:09 | Build | Farm |
| 16:10 | Queue | Villager (Male) |
| 16:22 | Research | Fletching |
| 16:23 | Queue | Villager (Male) |
| 16:40 | Build | Farm |
| 17:06 | Queue | Villager (Male) |
| 17:08 | Queue | Archer |
| 17:08 | Queue | Archer |
| 17:09 | Queue | Archer |
| 17:19 | Build | House |
| 17:20 | Build | House |
| 17:26 | Research | Horse Collar |
| 17:38 | Queue | Villager (Male) |
| 17:51 | Build | Market |
| 18:04 | Queue | Villager (Male) |
| 18:32 | Queue | Villager (Male) |
| 19:03 | Research | Castle Age |
| 19:12 | Queue | Archer |
| 19:12 | Queue | Archer |
| 19:39 | Queue | Archer |
| 19:39 | Queue | Archer |
| 19:41 | Queue | Spearman |
| 19:45 | Research | Padded Archer Armor |
| 20:03 | Build | Palisade Gate |
| 20:34 | Queue | Villager (Male) |
| 21:17 | Queue | Archer |
| 21:17 | Queue | Archer |
| 21:17 | Queue | Archer |
| 21:20 | Queue | Villager (Male) |
| 21:32 | Queue | Spearman |
| 21:35 | Queue | Archer |
| 21:35 | Queue | Archer |
| 21:35 | Queue | Archer |
| 21:36 | Queue | Villager (Male) |
| 21:42 | Build | Farm |
| 21:42 | Build | Farm |
| 21:43 | Build | Farm |
| 21:43 | Build | Farm |
| 21:44 | Age | Castle Age |
| 21:46 | Research | Crossbowman (upgrade) |
| 21:55 | Build | House |
| 21:59 | Build | House |
| 22:15 | Build | Palisade Gate |
| 22:24 | Queue | Villager (Male) |
| 22:35 | Build | Town Center |
| 22:45 | Queue | Archer |
| 22:45 | Queue | Archer |
| 22:45 | Queue | Archer |
| 22:48 | Queue | Villager (Male) |
| 22:56 | Research | Bodkin Arrow |
| 23:33 | Queue | Archer |
| 23:33 | Queue | Archer |
| 23:34 | Queue | Archer |
| 23:35 | Queue | Villager (Male) |
| 23:38 | Research | Leather Archer Armor |
| 23:39 | Queue | Villager (Male) |
| 23:43 | Build | University |
| 24:05 | Queue | Archer |
| 24:07 | Queue | Villager (Male) |
| 24:50 | Build | Palisade Wall |
| 24:50 | Build | Palisade Wall |
| 25:04 | Queue | Archer |
| 25:04 | Queue | Archer |
| 25:05 | Queue | Archer |
| 25:05 | Queue | Archer |
Build order — Relief
First 150 of 305 actions detected
| 0:01 | Queue | Villager (Male) |
| 0:01 | Queue | Villager (Male) |
| 0:03 | Build | House |
| 0:05 | Build | House |
| 0:22 | Queue | Villager (Male) |
| 0:23 | Queue | Villager (Male) |
| 1:28 | Queue | Villager (Male) |
| 1:58 | Build | Lumber Camp |
| 2:00 | Queue | Villager (Male) |
| 2:29 | Queue | Villager (Male) |
| 3:00 | Queue | Villager (Male) |
| 3:10 | Queue | Villager (Male) |
| 3:41 | Queue | Villager (Male) |
| 3:53 | Build | House |
| 3:55 | Build | House |
| 4:11 | Queue | Villager (Male) |
| 4:22 | Build | Mill |
| 4:25 | Queue | Villager (Male) |
| 4:58 | Build | Palisade Wall |
| 5:03 | Queue | Villager (Male) |
| 5:04 | Queue | Villager (Male) |
| 5:42 | Queue | Villager (Male) |
| 6:27 | Queue | Villager (Male) |
| 6:27 | Queue | Villager (Male) |
| 6:39 | Build | Farm |
| 6:45 | Build | Farm |
| 6:46 | Queue | Villager (Male) |
| 7:02 | Build | Lumber Camp |
| 7:20 | Build | Palisade Wall |
| 7:32 | Queue | Villager (Male) |
| 7:33 | Queue | Villager (Male) |
| 7:58 | Build | House |
| 8:10 | Queue | Villager (Male) |
| 8:11 | Queue | Villager (Male) |
| 8:54 | Build | Palisade Wall |
| 9:03 | Queue | Villager (Male) |
| 9:04 | Queue | Villager (Male) |
| 9:04 | Research | Loom |
| 9:20 | Research | Feudal Age |
| 9:56 | Build | Mining Camp |
| 10:25 | Build | Palisade Wall |
| 10:57 | Queue | Villager (Male) |
| 10:57 | Queue | Villager (Male) |
| 11:07 | Build | Barracks |
| 11:59 | Build | Palisade Wall |
| 12:47 | Age | Feudal Age |
| 12:50 | Build | Stable |
| 13:03 | Build | Blacksmith |
| 13:18 | Build | Palisade Gate |
| 13:24 | Build | House |
| 13:39 | Research | Castle Age |
| 14:03 | Research | Double-Bit Axe |
| 14:05 | Research | Horse Collar |
| 14:13 | Build | House |
| 14:22 | Build | Farm |
| 14:25 | Build | Farm |
| 14:27 | Build | Farm |
| 14:30 | Build | Farm |
| 14:45 | Build | Farm |
| 14:51 | Build | Farm |
| 14:53 | Build | Farm |
| 15:28 | Queue | Villager (Male) |
| 15:54 | Build | Stable |
| 16:00 | Queue | Villager (Male) |
| 16:05 | Research | Scale Barding Armor |
| 16:11 | Research | Bloodlines |
| 16:19 | Age | Castle Age |
| 16:23 | Queue | Knight |
| 16:40 | Build | House |
| 17:01 | Queue | Knight |
| 17:02 | Queue | Knight |
| 17:10 | Queue | Villager (Male) |
| 17:11 | Queue | Villager (Male) |
| 17:14 | Queue | Knight |
| 17:45 | Build | Farm |
| 17:47 | Build | Farm |
| 18:01 | Queue | Villager (Male) |
| 18:03 | Queue | Knight |
| 18:04 | Queue | Knight |
| 18:09 | Build | Farm |
| 18:46 | Research | Scale Barding Armor |
| 18:47 | Queue | Villager (Male) |
| 18:48 | Queue | Villager (Male) |
| 19:23 | Queue | Knight |
| 19:23 | Queue | Knight |
| 19:24 | Queue | Villager (Male) |
| 19:24 | Queue | Villager (Male) |
| 19:44 | Queue | Villager (Male) |
| 20:07 | Queue | Knight |
| 20:07 | Queue | Knight |
| 20:19 | Build | House |
| 20:21 | Build | House |
| 20:25 | Build | House |
| 20:31 | Queue | Knight |
| 20:32 | Queue | Knight |
| 20:40 | Queue | Villager (Male) |
| 20:51 | Build | Town Center |
| 21:04 | Build | Mill |
| 21:05 | Build | Farm |
| 21:05 | Build | Farm |
| 21:06 | Build | Farm |
| 21:07 | Build | Farm |
| 21:07 | Build | Farm |
| 21:13 | Queue | Villager (Male) |
| 21:13 | Queue | Villager (Male) |
| 21:22 | Queue | Knight |
| 21:39 | Queue | Villager (Male) |
| 21:44 | Build | Farm |
| 21:46 | Build | Farm |
| 21:48 | Build | Farm |
| 21:52 | Build | Farm |
| 22:08 | Build | Town Center |
| 22:16 | Queue | Knight |
| 22:16 | Queue | Knight |
| 22:18 | Research | Husbandry |
| 22:21 | Queue | Villager (Male) |
| 22:43 | Build | House |
| 22:44 | Build | House |
| 22:46 | Queue | Villager (Male) |
| 22:46 | Queue | Villager (Male) |
| 22:58 | Queue | Knight |
| 23:29 | Queue | Villager (Male) |
| 23:30 | Queue | Villager (Male) |
| 23:30 | Queue | Villager (Male) |
| 23:30 | Queue | Villager (Male) |
| 23:31 | Queue | Villager (Male) |
| 23:50 | Queue | Villager (Male) |
| 23:50 | Queue | Villager (Male) |
| 24:21 | Queue | Villager (Male) |
| 24:21 | Queue | Villager (Male) |
| 24:22 | Queue | Villager (Male) |
| 24:22 | Queue | Villager (Male) |
| 25:04 | Queue | Villager (Male) |
| 25:04 | Queue | Villager (Male) |
| 25:04 | Queue | Villager (Male) |
| 25:06 | Queue | Knight |
| 25:07 | Queue | Knight |
| 25:07 | Queue | Knight |
| 25:07 | Queue | Knight |
| 25:08 | Queue | Camel Scout |
| 25:17 | Build | House |
| 25:21 | Build | House |
| 25:30 | Queue | Camel Scout |
| 25:31 | Queue | Camel Scout |
| 25:31 | Queue | Camel Scout |
| 25:35 | Build | Farm |
| 25:40 | Build | Farm |
| 26:03 | Build | Siege Workshop |
| 26:18 | Queue | Villager (Male) |
| 26:18 | Queue | Villager (Male) |
Build order — MR.ROBOT
First 150 of 388 actions detected
| 0:02 | Build | House |
| 0:02 | Queue | Villager (Male) |
| 0:04 | Build | House |
| 0:04 | Queue | Villager (Male) |
| 0:10 | Queue | Villager (Male) |
| 0:12 | Queue | Villager (Male) |
| 1:30 | Queue | Villager (Male) |
| 1:46 | Build | Lumber Camp |
| 1:59 | Queue | Villager (Male) |
| 2:45 | Queue | Villager (Male) |
| 2:49 | Queue | Villager (Male) |
| 2:49 | Queue | Villager (Male) |
| 3:31 | Build | House |
| 3:33 | Build | House |
| 3:42 | Queue | Villager (Male) |
| 3:42 | Queue | Villager (Male) |
| 3:43 | Queue | Villager (Male) |
| 4:48 | Queue | Villager (Male) |
| 4:48 | Queue | Villager (Male) |
| 5:08 | Queue | Villager (Male) |
| 5:26 | Build | Mill |
| 5:39 | Queue | Villager (Male) |
| 6:06 | Queue | Villager (Male) |
| 6:13 | Queue | Villager (Male) |
| 6:25 | Queue | Villager (Male) |
| 6:48 | Research | Loom |
| 6:55 | Build | Mining Camp |
| 7:20 | Queue | Villager (Male) |
| 7:48 | Build | Farm |
| 8:24 | Queue | Villager (Male) |
| 8:31 | Build | Dock |
| 8:40 | Research | Feudal Age |
| 9:22 | Build | Barracks |
| 9:28 | Queue | Fishing Ship |
| 10:17 | Queue | Fishing Ship |
| 10:25 | Queue | Villager (Male) |
| 10:39 | Build | House |
| 10:40 | Build | House |
| 10:46 | Build | House |
| 10:59 | Age | Feudal Age |
| 11:11 | Build | Stable |
| 11:15 | Build | House |
| 11:16 | Queue | Villager (Male) |
| 11:22 | Queue | Villager (Male) |
| 11:39 | Research | Horse Collar |
| 11:42 | Research | Double-Bit Axe |
| 11:58 | Queue | Villager (Male) |
| 12:11 | Queue | Villager (Male) |
| 12:18 | Research | Bloodlines |
| 12:20 | Queue | Villager (Male) |
| 12:24 | Build | Farm |
| 12:29 | Queue | Scout Cavalry |
| 12:29 | Queue | Scout Cavalry |
| 12:46 | Build | Farm |
| 13:03 | Queue | Villager (Male) |
| 13:08 | Build | Farm |
| 13:09 | Queue | Villager (Male) |
| 13:18 | Build | Blacksmith |
| 13:37 | Queue | Scout Cavalry |
| 13:41 | Queue | Villager (Male) |
| 13:43 | Build | Farm |
| 13:51 | Queue | Fishing Ship |
| 14:05 | Build | House |
| 14:14 | Queue | Villager (Male) |
| 14:23 | Queue | Scout Cavalry |
| 14:45 | Build | Market |
| 15:02 | Queue | Scout Cavalry |
| 15:13 | Queue | Villager (Male) |
| 15:46 | Research | Forging |
| 15:46 | Queue | Villager (Male) |
| 15:48 | Build | House |
| 16:04 | Queue | Scout Cavalry |
| 16:04 | Queue | Scout Cavalry |
| 16:05 | Queue | Scout Cavalry |
| 16:08 | Build | Farm |
| 16:08 | Build | Farm |
| 16:08 | Build | Farm |
| 16:22 | Build | Lumber Camp |
| 16:32 | Build | Stable |
| 16:53 | Queue | Villager (Male) |
| 16:54 | Queue | Villager (Male) |
| 17:20 | Queue | Fishing Ship |
| 17:23 | Queue | Fishing Ship |
| 17:27 | Build | Farm |
| 17:51 | Build | Farm |
| 17:51 | Queue | Villager (Male) |
| 18:03 | Queue | Villager (Male) |
| 18:12 | Queue | Fishing Ship |
| 18:22 | Build | Farm |
| 18:28 | Build | Dock |
| 18:54 | Queue | Villager (Male) |
| 18:56 | Build | Farm |
| 18:59 | Research | Castle Age |
| 19:18 | Queue | Villager (Male) |
| 19:34 | Build | Stable |
| 19:40 | Build | House |
| 19:41 | Build | House |
| 19:45 | Research | Gold Mining |
| 20:15 | Queue | Fishing Ship |
| 20:15 | Queue | Fishing Ship |
| 20:17 | Build | House |
| 20:19 | Build | House |
| 20:33 | Research | Scale Barding Armor |
| 20:44 | Build | House |
| 20:46 | Build | House |
| 21:09 | Build | House |
| 21:12 | Research | Tech 906 |
| 21:13 | Queue | Fishing Ship |
| 21:23 | Queue | Scout Cavalry |
| 21:23 | Queue | Scout Cavalry |
| 21:23 | Queue | Scout Cavalry |
| 21:34 | Queue | Villager (Male) |
| 21:38 | Build | Dock |
| 21:39 | Age | Castle Age |
| 21:43 | Research | Husbandry |
| 21:44 | Research | Iron Casting |
| 22:06 | Queue | Knight |
| 22:07 | Queue | Knight |
| 22:07 | Queue | Knight |
| 22:07 | Queue | Knight |
| 22:21 | Build | Mill |
| 22:22 | Queue | Villager (Male) |
| 22:51 | Queue | Knight |
| 22:51 | Queue | Knight |
| 22:57 | Build | Palisade Wall |
| 23:04 | Queue | Villager (Male) |
| 23:06 | Queue | Fishing Ship |
| 23:06 | Queue | Fishing Ship |
| 23:10 | Build | Town Center |
| 23:18 | Queue | Knight |
| 23:30 | Queue | Fishing Ship |
| 23:38 | Queue | Villager (Male) |
| 23:41 | Build | House |
| 23:41 | Build | House |
| 23:46 | Build | Farm |
| 23:47 | Queue | Villager (Male) |
| 24:03 | Queue | Knight |
| 24:03 | Queue | Knight |
| 24:04 | Queue | Knight |
| 24:15 | Queue | Villager (Male) |
| 24:40 | Queue | Knight |
| 24:40 | Queue | Knight |
| 24:41 | Queue | Villager (Male) |
| 24:43 | Build | House |
| 24:44 | Build | House |
| 24:50 | Queue | Villager (Male) |
| 24:51 | Queue | Villager (Male) |
| 24:55 | Queue | Villager (Male) |
| 24:56 | Queue | Villager (Male) |
| 24:56 | Queue | Villager (Male) |
Build order — Jafarr
First 150 of 410 actions detected
| 0:02 | Queue | Villager (Male) |
| 0:02 | Queue | Villager (Male) |
| 0:02 | Queue | Villager (Male) |
| 0:05 | Build | House |
| 0:07 | Build | House |
| 0:19 | Queue | Villager (Male) |
| 1:30 | Queue | Villager (Male) |
| 1:52 | Queue | Villager (Male) |
| 2:15 | Build | Lumber Camp |
| 2:20 | Queue | Villager (Male) |
| 2:52 | Queue | Villager (Male) |
| 3:13 | Queue | Villager (Male) |
| 3:28 | Build | House |
| 3:40 | Queue | Villager (Male) |
| 3:54 | Build | Dock |
| 4:25 | Queue | Villager (Male) |
| 5:16 | Queue | Villager (Male) |
| 5:31 | Queue | Villager (Male) |
| 5:34 | Queue | Villager (Male) |
| 5:41 | Queue | Fishing Ship |
| 5:47 | Build | House |
| 5:55 | Queue | Villager (Male) |
| 6:09 | Build | Mill |
| 6:17 | Queue | Fishing Ship |
| 6:25 | Queue | Villager (Male) |
| 6:43 | Queue | Villager (Male) |
| 7:02 | Queue | Villager (Male) |
| 7:33 | Queue | Villager (Male) |
| 7:41 | Research | Loom |
| 8:11 | Research | Feudal Age |
| 8:52 | Build | Barracks |
| 8:59 | Queue | Fishing Ship |
| 9:09 | Build | Mining Camp |
| 9:20 | Queue | Villager (Male) |
| 9:32 | Queue | Villager (Male) |
| 9:35 | Build | House |
| 10:07 | Build | Barracks |
| 10:21 | Age | Feudal Age |
| 10:26 | Queue | Galley |
| 10:32 | Build | Blacksmith |
| 10:33 | Queue | Villager (Male) |
| 10:54 | Research | Double-Bit Axe |
| 11:19 | Queue | Villager (Male) |
| 11:35 | Build | Archery Range |
| 11:37 | Queue | Villager (Male) |
| 11:53 | Queue | Galley |
| 12:03 | Build | House |
| 12:20 | Research | Fletching |
| 12:33 | Queue | Archer |
| 12:33 | Queue | Archer |
| 12:45 | Queue | Archer |
| 12:57 | Queue | Villager (Male) |
| 13:10 | Queue | Galley |
| 13:18 | Queue | Villager (Male) |
| 13:23 | Queue | Villager (Male) |
| 13:26 | Build | House |
| 13:30 | Build | House |
| 13:31 | Build | House |
| 14:06 | Queue | Villager (Male) |
| 14:09 | Queue | Transport Ship |
| 14:22 | Build | House |
| 14:25 | Queue | Archer |
| 14:45 | Queue | Villager (Male) |
| 14:48 | Build | House |
| 14:49 | Queue | Archer |
| 14:52 | Research | Padded Archer Armor |
| 14:52 | Queue | Villager (Male) |
| 14:55 | Build | Farm |
| 14:55 | Build | Farm |
| 14:55 | Build | Farm |
| 15:01 | Research | Horse Collar |
| 15:02 | Queue | Villager (Male) |
| 15:06 | Queue | Villager (Male) |
| 15:10 | Queue | Villager (Male) |
| 15:31 | Queue | Villager (Male) |
| 15:47 | Build | Farm |
| 15:48 | Build | Farm |
| 15:48 | Build | Farm |
| 15:48 | Queue | Villager (Male) |
| 16:13 | Queue | Villager (Male) |
| 16:16 | Build | Farm |
| 16:16 | Build | Farm |
| 16:17 | Queue | Villager (Male) |
| 16:24 | Queue | Villager (Male) |
| 16:44 | Queue | Villager (Male) |
| 16:46 | Build | Farm |
| 16:46 | Build | Farm |
| 16:47 | Build | Farm |
| 16:51 | Queue | Archer |
| 16:55 | Queue | Archer |
| 16:56 | Queue | Archer |
| 16:59 | Queue | Villager (Male) |
| 17:14 | Queue | Archer |
| 17:26 | Research | Castle Age |
| 18:14 | Queue | Villager (Male) |
| 18:19 | Build | Archery Range |
| 18:28 | Queue | Galley |
| 18:48 | Build | Farm |
| 18:49 | Build | Farm |
| 18:55 | Queue | Archer |
| 19:56 | Queue | Archer |
| 19:56 | Queue | Archer |
| 20:27 | Build | Mining Camp |
| 20:29 | Queue | Archer |
| 20:29 | Queue | Archer |
| 20:32 | Age | Castle Age |
| 20:34 | Research | Crossbowman (upgrade) |
| 20:35 | Research | Bodkin Arrow |
| 20:48 | Queue | Villager (Male) |
| 20:57 | Queue | Villager (Male) |
| 21:11 | Build | Town Center |
| 21:16 | Build | Town Center |
| 21:17 | Queue | Villager (Male) |
| 21:20 | Queue | Archer |
| 21:20 | Queue | Archer |
| 21:28 | Queue | Villager (Male) |
| 21:46 | Queue | Archer |
| 21:46 | Queue | Archer |
| 22:09 | Queue | Archer |
| 22:09 | Queue | Villager (Male) |
| 22:13 | Research | Heavy Plow |
| 22:17 | Research | Bow Saw |
| 22:19 | Build | Farm |
| 22:19 | Queue | Villager (Male) |
| 22:40 | Queue | Archer |
| 22:41 | Queue | Archer |
| 23:10 | Queue | Archer |
| 23:10 | Queue | Archer |
| 23:11 | Research | Thumb Ring |
| 23:17 | Queue | Villager (Male) |
| 23:17 | Queue | Villager (Male) |
| 23:19 | Build | Farm |
| 23:19 | Build | Farm |
| 23:19 | Build | Farm |
| 23:19 | Build | Farm |
| 23:20 | Build | Farm |
| 23:20 | Queue | Villager (Male) |
| 23:32 | Build | House |
| 23:33 | Build | House |
| 23:34 | Build | House |
| 24:29 | Queue | Villager (Male) |
| 24:30 | Queue | Villager (Male) |
| 24:32 | Build | Farm |
| 24:32 | Build | Farm |
| 24:32 | Build | Farm |
| 24:32 | Build | Farm |
| 24:33 | Build | Farm |
| 24:49 | Queue | Villager (Male) |
| 24:49 | Queue | Villager (Male) |
| 24:50 | Build | Farm |
Build order — Quando
First 150 of 351 actions detected
| 0:01 | Queue | Villager (Male) |
| 0:02 | Queue | Villager (Male) |
| 0:03 | Build | House |
| 0:04 | Build | House |
| 0:53 | Queue | Villager (Male) |
| 0:54 | Queue | Villager (Male) |
| 1:47 | Queue | Villager (Male) |
| 1:47 | Queue | Villager (Male) |
| 1:52 | Build | Lumber Camp |
| 2:11 | Queue | Villager (Male) |
| 2:18 | Queue | Villager (Male) |
| 2:28 | Queue | Villager (Male) |
| 3:06 | Queue | Villager (Male) |
| 3:32 | Build | House |
| 3:47 | Queue | Villager (Male) |
| 4:11 | Queue | Villager (Male) |
| 4:31 | Queue | Villager (Male) |
| 4:38 | Build | Dock |
| 4:53 | Queue | Villager (Male) |
| 5:20 | Build | House |
| 5:25 | Queue | Villager (Male) |
| 5:31 | Queue | Fishing Ship |
| 5:40 | Queue | Villager (Male) |
| 6:08 | Build | House |
| 6:21 | Queue | Villager (Male) |
| 6:22 | Queue | Fishing Ship |
| 6:48 | Queue | Villager (Male) |
| 6:55 | Queue | Fishing Ship |
| 7:16 | Queue | Villager (Male) |
| 7:35 | Queue | Fishing Ship |
| 7:48 | Queue | Villager (Male) |
| 8:07 | Build | Palisade Wall |
| 8:08 | Build | Palisade Wall |
| 8:16 | Research | Feudal Age |
| 8:16 | Research | Feudal Age |
| 8:32 | Build | Mill |
| 8:37 | Build | House |
| 9:07 | Build | Palisade Wall |
| 9:08 | Research | Loom |
| 9:36 | Build | Barracks |
| 10:05 | Queue | Fishing Ship |
| 10:26 | Age | Feudal Age |
| 10:42 | Build | Stable |
| 10:42 | Queue | Villager (Male) |
| 10:49 | Queue | Spearman |
| 10:58 | Queue | Villager (Male) |
| 11:00 | Research | Double-Bit Axe |
| 11:13 | Queue | Villager (Male) |
| 11:23 | Queue | Scout Cavalry |
| 11:38 | Build | Palisade Wall |
| 11:39 | Queue | Villager (Male) |
| 11:41 | Build | Farm |
| 11:42 | Build | Farm |
| 11:44 | Queue | Villager (Male) |
| 11:46 | Build | Farm |
| 11:48 | Queue | Scout Cavalry |
| 11:59 | Queue | Scout Cavalry |
| 12:04 | Build | Farm |
| 12:11 | Queue | Villager (Male) |
| 12:24 | Build | Farm |
| 12:27 | Queue | Scout Cavalry |
| 12:31 | Build | House |
| 12:53 | Build | House |
| 13:02 | Build | Farm |
| 13:32 | Queue | Scout Cavalry |
| 13:33 | Queue | Villager (Male) |
| 13:45 | Build | Farm |
| 13:51 | Queue | Scout Cavalry |
| 13:59 | Build | Blacksmith |
| 14:03 | Queue | Villager (Male) |
| 14:23 | Build | Farm |
| 14:34 | Queue | Villager (Male) |
| 14:38 | Research | Scale Barding Armor |
| 14:43 | Queue | Scout Cavalry |
| 14:59 | Build | Lumber Camp |
| 15:02 | Queue | Scout Cavalry |
| 15:07 | Queue | Villager (Male) |
| 15:12 | Build | House |
| 15:12 | Build | House |
| 15:46 | Queue | Villager (Male) |
| 16:01 | Queue | Villager (Male) |
| 16:06 | Build | Farm |
| 16:07 | Build | Farm |
| 16:07 | Build | Farm |
| 16:15 | Queue | Scout Cavalry |
| 16:22 | Build | Farm |
| 16:28 | Queue | Villager (Male) |
| 16:29 | Queue | Scout Cavalry |
| 16:39 | Build | House |
| 16:40 | Build | House |
| 16:57 | Build | Mining Camp |
| 17:05 | Queue | Villager (Male) |
| 17:17 | Queue | Scout Cavalry |
| 17:25 | Build | House |
| 17:25 | Build | House |
| 17:33 | Build | Farm |
| 17:34 | Queue | Villager (Male) |
| 17:39 | Build | House |
| 17:44 | Queue | Scout Cavalry |
| 17:45 | Queue | Villager (Male) |
| 18:06 | Queue | Scout Cavalry |
| 18:10 | Build | House |
| 18:11 | Build | House |
| 18:27 | Queue | Villager (Male) |
| 18:28 | Queue | Scout Cavalry |
| 18:35 | Queue | Villager (Male) |
| 18:52 | Build | Stable |
| 19:00 | Queue | Villager (Male) |
| 19:14 | Research | Bloodlines |
| 19:21 | Build | Farm |
| 19:41 | Build | Farm |
| 19:44 | Build | Farm |
| 19:45 | Queue | Villager (Male) |
| 19:57 | Queue | Scout Cavalry |
| 20:13 | Queue | Villager (Male) |
| 20:14 | Queue | Scout Cavalry |
| 20:15 | Queue | Scout Cavalry |
| 20:15 | Queue | Scout Cavalry |
| 20:17 | Build | Stable |
| 20:20 | Build | Farm |
| 20:23 | Build | Farm |
| 20:35 | Queue | Scout Cavalry |
| 20:35 | Queue | Scout Cavalry |
| 20:38 | Queue | Villager (Male) |
| 20:40 | Build | Farm |
| 20:44 | Build | Farm |
| 20:58 | Queue | Villager (Male) |
| 21:11 | Build | Farm |
| 21:12 | Queue | Scout Cavalry |
| 21:12 | Queue | Scout Cavalry |
| 21:21 | Queue | Scout Cavalry |
| 21:21 | Queue | Scout Cavalry |
| 21:22 | Queue | Villager (Male) |
| 21:35 | Queue | Scout Cavalry |
| 21:35 | Queue | Scout Cavalry |
| 21:40 | Queue | Villager (Male) |
| 22:04 | Queue | Scout Cavalry |
| 22:04 | Queue | Scout Cavalry |
| 22:04 | Queue | Scout Cavalry |
| 22:21 | Queue | Villager (Male) |
| 22:36 | Queue | Villager (Male) |
| 22:39 | Build | Market |
| 23:04 | Queue | Villager (Male) |
| 23:10 | Queue | Spearman |
| 23:10 | Queue | Spearman |
| 23:11 | Queue | Scout Cavalry |
| 23:12 | Queue | Scout Cavalry |
| 23:12 | Queue | Scout Cavalry |
| 23:12 | Queue | Scout Cavalry |
| 23:22 | Queue | Villager (Male) |
Build order — Kenny Powers
First 150 of 457 actions detected
| 0:01 | Queue | Villager (Male) |
| 0:01 | Queue | Villager (Male) |
| 0:01 | Queue | Villager (Male) |
| 0:02 | Build | House |
| 0:03 | Build | House |
| 0:22 | Queue | Villager (Male) |
| 1:34 | Queue | Villager (Male) |
| 1:34 | Queue | Villager (Male) |
| 1:58 | Build | Lumber Camp |
| 2:01 | Queue | Villager (Male) |
| 2:38 | Queue | Villager (Male) |
| 2:39 | Queue | Villager (Male) |
| 3:10 | Queue | Villager (Male) |
| 3:23 | Build | House |
| 3:57 | Queue | Villager (Male) |
| 3:58 | Queue | Villager (Male) |
| 4:11 | Queue | Villager (Male) |
| 4:19 | Research | Loom |
| 4:51 | Queue | Villager (Male) |
| 4:51 | Queue | Villager (Male) |
| 5:06 | Build | Dock |
| 5:35 | Queue | Villager (Male) |
| 5:36 | Queue | Villager (Male) |
| 5:36 | Queue | Villager (Male) |
| 5:44 | Build | Mill |
| 5:46 | Queue | Villager (Male) |
| 6:03 | Build | House |
| 6:26 | Queue | Fishing Ship |
| 6:57 | Queue | Villager (Male) |
| 6:57 | Queue | Villager (Male) |
| 6:58 | Queue | Villager (Male) |
| 6:58 | Queue | Villager (Male) |
| 7:09 | Build | House |
| 7:13 | Queue | Fishing Ship |
| 7:40 | Queue | Fishing Ship |
| 8:49 | Research | Feudal Age |
| 8:49 | Research | Feudal Age |
| 9:00 | Queue | Fishing Ship |
| 9:08 | Queue | Villager (Male) |
| 9:22 | Build | Mining Camp |
| 9:37 | Build | House |
| 9:45 | Queue | Fishing Ship |
| 9:46 | Queue | Fishing Ship |
| 9:55 | Queue | Villager (Male) |
| 10:22 | Queue | Fishing Ship |
| 10:59 | Age | Feudal Age |
| 11:24 | Research | Double-Bit Axe |
| 11:27 | Research | Gold Mining |
| 11:31 | Queue | Villager (Male) |
| 11:37 | Build | House |
| 11:53 | Queue | Villager (Male) |
| 12:04 | Queue | Unit 2626 |
| 12:09 | Build | House |
| 12:44 | Queue | Unit 2626 |
| 12:51 | Queue | Villager (Male) |
| 12:51 | Queue | Villager (Male) |
| 12:57 | Build | Blacksmith |
| 13:24 | Build | House |
| 13:41 | Queue | Villager (Male) |
| 13:49 | Build | Market |
| 13:51 | Build | House |
| 13:57 | Queue | Unit 2626 |
| 14:11 | Research | Forging |
| 14:11 | Queue | Villager (Male) |
| 14:14 | Build | Farm |
| 14:15 | Build | Farm |
| 14:15 | Build | Farm |
| 14:15 | Build | Farm |
| 14:16 | Build | Farm |
| 14:16 | Build | Farm |
| 14:21 | Build | Lumber Camp |
| 14:33 | Queue | Villager (Male) |
| 14:46 | Queue | Villager (Male) |
| 14:49 | Research | Tech 906 |
| 14:54 | Queue | Villager (Male) |
| 15:08 | Queue | Villager (Male) |
| 15:16 | Queue | Villager (Male) |
| 15:18 | Build | Farm |
| 15:18 | Build | Farm |
| 15:18 | Build | Farm |
| 15:22 | Build | House |
| 15:27 | Build | Farm |
| 15:27 | Build | Farm |
| 15:35 | Research | Castle Age |
| 15:37 | Research | Loom |
| 15:44 | Queue | Unit 2626 |
| 16:05 | Build | House |
| 16:13 | Build | Barracks |
| 16:23 | Research | Stone Mining |
| 16:27 | Queue | Unit 2626 |
| 17:23 | Queue | Villager (Male) |
| 17:38 | Queue | Unit 2626 |
| 17:39 | Queue | Villager (Male) |
| 17:51 | Queue | Villager (Male) |
| 17:55 | Build | Mining Camp |
| 17:59 | Build | Farm |
| 18:03 | Build | Farm |
| 18:03 | Build | Farm |
| 18:03 | Build | Farm |
| 18:03 | Build | Farm |
| 18:05 | Research | Scale Barding Armor |
| 18:13 | Build | Stable |
| 18:16 | Age | Castle Age |
| 18:19 | Queue | Villager (Male) |
| 18:19 | Queue | Villager (Male) |
| 18:23 | Research | Wheelbarrow |
| 18:24 | Research | Bow Saw |
| 18:25 | Research | Bow Saw |
| 18:54 | Research | Gillnets |
| 18:54 | Queue | Villager (Male) |
| 19:14 | Queue | Villager (Male) |
| 19:17 | Research | Gold Shaft Mining |
| 19:33 | Build | Stable |
| 19:59 | Research | Husbandry |
| 19:59 | Research | Bloodlines |
| 20:02 | Queue | Villager (Male) |
| 20:04 | Build | Farm |
| 20:24 | Build | Town Center |
| 20:29 | Queue | Unit 1944 |
| 20:40 | Build | House |
| 20:41 | Build | House |
| 20:44 | Queue | Villager (Male) |
| 21:10 | Queue | Villager (Male) |
| 21:13 | Queue | Unit 1944 |
| 21:32 | Build | Town Center |
| 21:35 | Build | Lumber Camp |
| 21:39 | Queue | Villager (Male) |
| 22:12 | Queue | Villager (Male) |
| 22:13 | Queue | Villager (Male) |
| 22:13 | Queue | Villager (Male) |
| 22:14 | Queue | Villager (Male) |
| 22:14 | Queue | Villager (Male) |
| 22:20 | Queue | Unit 1944 |
| 22:20 | Queue | Unit 1944 |
| 22:22 | Queue | Villager (Male) |
| 22:22 | Queue | Villager (Male) |
| 22:25 | Build | House |
| 22:30 | Build | House |
| 22:31 | Build | House |
| 22:37 | Queue | Villager (Male) |
| 22:38 | Queue | Unit 1944 |
| 23:07 | Research | War Galley (upgrade) |
| 23:08 | Queue | Villager (Male) |
| 23:08 | Queue | Villager (Male) |
| 23:26 | Queue | Villager (Male) |
| 23:38 | Queue | Villager (Male) |
| 23:39 | Queue | Unit 1944 |
| 23:40 | Queue | Villager (Male) |
| 23:42 | Build | Farm |
| 23:43 | Build | Farm |
Build order — PJtheDcoy
First 150 of 231 actions detected
| 0:01 | Queue | Villager (Male) |
| 0:01 | Queue | Villager (Male) |
| 0:01 | Queue | Villager (Male) |
| 0:02 | Build | House |
| 0:04 | Build | House |
| 0:31 | Queue | Villager (Male) |
| 1:26 | Queue | Villager (Male) |
| 1:43 | Build | Lumber Camp |
| 2:02 | Queue | Villager (Male) |
| 2:25 | Queue | Villager (Male) |
| 3:00 | Queue | Villager (Male) |
| 3:06 | Queue | Villager (Male) |
| 3:33 | Build | House |
| 3:46 | Queue | Villager (Male) |
| 4:10 | Queue | Villager (Male) |
| 4:11 | Queue | Villager (Male) |
| 5:06 | Queue | Villager (Male) |
| 5:07 | Queue | Villager (Male) |
| 5:07 | Queue | Villager (Male) |
| 5:10 | Build | Mill |
| 5:31 | Queue | Villager (Male) |
| 5:35 | Build | House |
| 6:30 | Queue | Villager (Male) |
| 6:31 | Queue | Villager (Male) |
| 7:21 | Build | Lumber Camp |
| 7:51 | Build | Dock |
| 7:57 | Queue | Villager (Male) |
| 7:57 | Research | Loom |
| 8:01 | Queue | Villager (Male) |
| 8:02 | Research | Loom |
| 8:26 | Build | Mining Camp |
| 8:35 | Build | Palisade Wall |
| 8:45 | Build | Palisade Gate |
| 8:46 | Build | Palisade Wall |
| 8:57 | Research | Feudal Age |
| 8:59 | Queue | Fishing Ship |
| 8:59 | Queue | Fishing Ship |
| 9:48 | Build | House |
| 10:20 | Build | House |
| 10:42 | Build | Barracks |
| 11:04 | Queue | Villager (Male) |
| 11:04 | Queue | Villager (Male) |
| 11:22 | Age | Feudal Age |
| 11:32 | Queue | Fire Galley |
| 11:33 | Queue | Fire Galley |
| 11:42 | Build | Dock |
| 12:07 | Build | Farm |
| 12:08 | Build | Farm |
| 12:09 | Queue | Villager (Male) |
| 12:09 | Queue | Villager (Male) |
| 12:15 | Build | House |
| 12:29 | Build | Watch Tower |
| 12:34 | Queue | Villager (Male) |
| 12:34 | Queue | Villager (Male) |
| 12:45 | Queue | Galley |
| 12:45 | Queue | Galley |
| 12:59 | Build | Farm |
| 13:08 | Research | Double-Bit Axe |
| 14:11 | Queue | Galley |
| 14:11 | Queue | Galley |
| 14:15 | Build | Farm |
| 14:16 | Build | Farm |
| 14:17 | Research | Horse Collar |
| 14:19 | Queue | Villager (Male) |
| 14:19 | Queue | Villager (Male) |
| 14:29 | Build | Gate |
| 15:13 | Build | Blacksmith |
| 15:29 | Queue | Galley |
| 15:30 | Queue | Galley |
| 15:33 | Build | Farm |
| 15:34 | Queue | Villager (Male) |
| 15:34 | Queue | Villager (Male) |
| 15:37 | Research | Wheelbarrow |
| 15:46 | Queue | Villager (Male) |
| 15:46 | Queue | Villager (Male) |
| 16:12 | Build | Archery Range |
| 16:38 | Build | Farm |
| 16:39 | Build | Farm |
| 16:49 | Research | Fletching |
| 17:30 | Queue | Skirmisher |
| 17:30 | Queue | Skirmisher |
| 17:32 | Queue | Villager (Male) |
| 17:33 | Queue | Villager (Male) |
| 17:59 | Queue | Skirmisher |
| 18:10 | Research | Padded Archer Armor |
| 18:28 | Build | Mining Camp |
| 19:19 | Build | Farm |
| 19:21 | Build | House |
| 20:07 | Research | Wheelbarrow |
| 20:35 | Build | Farm |
| 20:49 | Build | Farm |
| 20:55 | Build | Farm |
| 20:56 | Build | Farm |
| 21:08 | Queue | Galley |
| 21:08 | Queue | Galley |
| 21:11 | Queue | Galley |
| 21:11 | Queue | Galley |
| 21:19 | Research | Castle Age |
| 21:46 | Research | Gold Mining |
| 23:20 | Build | Mining Camp |
| 24:02 | Age | Castle Age |
| 25:19 | Queue | Villager (Male) |
| 25:19 | Queue | Villager (Male) |
| 25:46 | Queue | Villager (Male) |
| 25:55 | Build | Town Center |
| 26:19 | Build | Farm |
| 26:21 | Queue | Villager (Male) |
| 26:21 | Queue | Villager (Male) |
| 27:18 | Queue | Villager (Male) |
| 27:18 | Queue | Villager (Male) |
| 27:23 | Research | Stone Mining |
| 27:43 | Queue | Villager (Male) |
| 27:43 | Queue | Villager (Male) |
| 27:44 | Queue | Villager (Male) |
| 27:44 | Queue | Villager (Male) |
| 27:47 | Queue | Villager (Male) |
| 27:47 | Queue | Villager (Male) |
| 28:11 | Build | House |
| 28:19 | Queue | Villager (Male) |
| 28:32 | Build | Castle |
| 28:46 | Queue | Villager (Male) ×5 |
| 28:51 | Build | Farm |
| 28:59 | Research | Scale Mail Armor |
| 28:59 | Research | Forging |
| 29:02 | Research | Squires |
| 30:14 | Research | War Galley (upgrade) |
| 30:21 | Queue | Gbeto ×5 |
| 30:27 | Build | Farm |
| 30:27 | Build | Farm |
| 30:27 | Build | Farm |
| 30:28 | Build | Farm |
| 30:35 | Build | Farm |
| 30:36 | Build | Farm |
| 30:39 | Build | Farm |
| 30:47 | Research | Chain Mail Armor |
| 31:18 | Queue | Villager (Male) ×5 |
| 31:18 | Queue | Villager (Male) |
| 32:04 | Queue | Gbeto |
| 32:04 | Queue | Gbeto |
| 32:04 | Queue | Gbeto |
| 32:05 | Queue | Gbeto |
| 32:14 | Queue | Villager (Male) |
| 32:14 | Queue | Villager (Male) |
| 32:25 | Build | Town Center |
| 32:37 | Queue | Villager (Male) |
| 32:37 | Queue | Villager (Male) |
| 32:42 | Research | Man-at-Arms (upgrade) |
| 32:52 | Research | Iron Casting |
| 33:20 | Research | Bow Saw |
| 33:23 | Queue | Villager (Male) |
Match timeline
| 3:54 | Jafarr · first_building Dock |
| 4:38 | Quando · first_building Dock |
| 4:58 | Relief · wall_segment Palisade Wall x2 |
| 5:06 | Kenny Powers · first_building Dock |
| 7:20 | Relief · wall_segment Palisade Wall x8 |
| 7:51 | PJtheDcoy · first_building Dock |
| 7:54 | Lion Heart · first_building Barracks |
| 8:07 | Quando · wall_segment Palisade Wall x1 |
| 8:08 | Quando · wall_segment Palisade Wall x1 |
| 8:31 | Lion Heart · wall_segment Palisade Wall x4 |
| 8:31 | MR.ROBOT · first_building Dock |
| 8:34 | Lion Heart · wall_segment Palisade Wall x4 |
| 8:35 | PJtheDcoy · wall_segment Palisade Wall x1 |
| 8:46 | PJtheDcoy · wall_segment Palisade Wall x1 |
| 8:51 | Lion Heart · age_up feudal |
| 8:52 | Jafarr · first_building Barracks |
| 8:54 | Relief · wall_segment Palisade Wall x8 |
| 8:56 | Lion Heart · first_building Archery Range |
| 9:07 | Quando · wall_segment Palisade Wall x7 |
| 9:22 | MR.ROBOT · first_building Barracks |
| 9:36 | Quando · first_building Barracks |
| 10:21 | Jafarr · age_up feudal |
| 10:25 | Relief · wall_segment Palisade Wall x7 |
| 10:26 | Quando · age_up feudal |
| 10:40 | Fr4ggi · first_building Barracks |
| 10:42 | Quando · first_building Stable |
| 10:42 | PJtheDcoy · first_building Barracks |
| 10:59 | Kenny Powers · age_up feudal |
| 10:59 | MR.ROBOT · age_up feudal |
| 11:07 | Relief · first_building Barracks |
| 11:11 | MR.ROBOT · first_building Stable |
| 11:22 | PJtheDcoy · age_up feudal |
| 11:35 | Jafarr · first_building Archery Range |
| 11:38 | Quando · wall_segment Palisade Wall x8 |
| 11:59 | Relief · wall_segment Palisade Wall x5 |
| 12:14 | Fr4ggi · age_up feudal |
| 12:35 | Fr4ggi · first_building Stable |
| 12:47 | Relief · age_up feudal |
| 12:50 | Relief · first_building Stable |
| 16:12 | PJtheDcoy · first_building Archery Range |
| 16:13 | Kenny Powers · first_building Barracks |
| 16:19 | Relief · age_up castle |
| 17:14 | Fr4ggi · age_up castle |
| 18:13 | Kenny Powers · first_building Stable |
| 18:16 | Kenny Powers · age_up castle |
| 18:58 | Lion Heart · first_market_buy 100 food |
| 20:32 | Jafarr · age_up castle |
| 21:39 | MR.ROBOT · age_up castle |
| 21:44 | Lion Heart · age_up castle |
| 22:57 | MR.ROBOT · wall_segment Palisade Wall x1 |
| 23:36 | MR.ROBOT · first_market_sell 100 food |
| 24:02 | PJtheDcoy · age_up castle |
| 24:05 | Kenny Powers · wall_segment Stone Wall x3 |
| 24:08 | Quando · first_market_buy 100 food |
| 24:09 | Quando · first_market_sell 100 wood |
| 24:12 | Kenny Powers · wall_segment Stone Wall x3 |
| 24:50 | Lion Heart · wall_segment Palisade Wall x1 |
| 24:50 | Lion Heart · wall_segment Palisade Wall x1 |
| 25:06 | Kenny Powers · wall_segment Stone Wall x4 |
| 26:03 | Relief · first_building Siege Workshop |
| 26:44 | Kenny Powers · first_market_buy 100 food |
| 27:01 | Quando · age_up castle |
| 27:04 | Lion Heart · first_market_sell 100 food |
| 27:07 | MR.ROBOT · first_market_buy 100 wood |
| 28:17 | Kenny Powers · first_building Castle |
| 28:19 | Jafarr · first_market_buy 100 food |
| 28:25 | Jafarr · first_building Stable |
| 28:32 | PJtheDcoy · first_building Castle |
| 28:33 | Kenny Powers · first_market_sell 100 wood |
| 28:42 | Relief · wall_segment Palisade Wall x9 |
| 28:43 | Lion Heart · first_building Monastery |
| 28:51 | Quando · wall_segment Palisade Wall x17 |
| 29:12 | MR.ROBOT · wall_segment Palisade Wall x1 |
| 29:14 | MR.ROBOT · wall_segment Palisade Wall x1 |
| 29:15 | MR.ROBOT · wall_segment Palisade Wall x1 |
| 29:50 | Quando · wall_segment Palisade Wall x4 |
| 29:50 | Jafarr · first_building Monastery |
| 29:53 | Quando · wall_segment Palisade Wall x7 |
| 30:04 | Jafarr · wall_segment Stone Wall x7 |
| 30:22 | Jafarr · first_building Siege Workshop |
| 30:42 | Lion Heart · wall_segment Palisade Wall x1 |
| 30:57 | MR.ROBOT · wall_segment Palisade Wall x1 |
| 31:31 | Relief · first_building Monastery |
| 32:09 | Jafarr · first_building Castle |
| 33:00 | Jafarr · first_market_sell 100 food |
| 33:30 | Lion Heart · wall_segment Stone Wall x3 |
| 33:33 | Lion Heart · wall_segment Stone Wall x3 |
| 33:38 | MR.ROBOT · first_building Castle |
| 34:01 | PJtheDcoy · wall_segment Stone Wall x1 |
| 34:08 | PJtheDcoy · wall_segment Stone Wall x3 |
| 34:19 | Lion Heart · wall_segment Stone Wall x2 |
| 34:36 | Kenny Powers · first_building Siege Workshop |
| 34:37 | Jafarr · age_up imperial |
| 36:11 | PJtheDcoy · first_building Monastery |
| 36:24 | Relief · wall_segment Stone Wall x1 |
| 37:01 | Quando · first_building Siege Workshop |
| 38:40 | MR.ROBOT · age_up imperial |
| 38:49 | Kenny Powers · age_up imperial |
| 39:21 | Relief · first_market_sell 500 food |
| 39:25 | MR.ROBOT · first_building Monastery |
| 40:47 | MR.ROBOT · wall_segment Palisade Wall x25 |
| 41:09 | Relief · age_up imperial |
| 41:32 | PJtheDcoy · age_up imperial |
| 41:42 | Relief · first_building Castle |
| 42:00 | Fr4ggi · resign |
[ AI ANALYSIS · 1 CREDIT ]
What really happened in this match?
Wolo.gg analyzes every decision: build order, eco, micro, common mistakes by bracket. Personalized analysis on WhatsApp or Discord in 30 seconds.
Civ guide
Persians
Perfil
Jugador #6051949